 Dungeon Crawl Stone Soup version 0.21.0-3-g78d12a8 (webtiles) character file.

575 Inarius the Chiller (level 7, 0/52 HPs)
             Began as a Pale Draconian Ice Elementalist on Jan 15, 2018.
             Slain by an ogre
             ... wielding a +0 giant club
              (14 damage)
             ... on level 5 of the Dungeon.
             The game lasted 00:12:53 (4530 turns).

Inarius the Chiller (DrIE)                          Turns: 4530, Time: 00:12:55

Health: 0/52       AC:  8    Str: 10    XL:     7   Next: 12%
Magic:  12/12      EV: 12    Int: 17    God:
Gold:   169        SH:  0    Dex: 12    Spells: 5/13 levels left

rFire    . . .     SeeInvis .   u - +1 whip (elec)
rCold    . . .     Gourm    .   (no shield)
rNeg     . . .     Faith    .   (armour unavailable)
rPois    .         Spirit   .   m - +2 hat
rElec    .         Reflect  .   (no cloak)
rCorr    .         Harm     .   (no gloves)
MR       .....                  (no boots)
Stlth    ++........             j - amulet of magic regeneration
HPRegen  0.17/turn              (no ring)
MPRegen  0.38/turn              (no ring)

@: no status effects
A: breathe steam, unfitting armour, cold-blooded, AC +6
a: Breathe Steam


You were on level 5 of the Dungeon.
You were not hungry.

You visited 1 branch of the dungeon, and saw 5 of its levels.

You collected 169 gold pieces.

Inventory:

Hand Weapons
 l - a +0 vampiric dagger
 o - a +0 spear of piercing
 u - a +1 whip of electrocution (weapon)
Armour
 m - a +2 hat (worn)
 n - a +0 buckler
Jewellery
 j - an amulet of magic regeneration (around neck)
Wands
 q - a wand of flame (24)
 t - a wand of acid (6)
Scrolls
 c - a scroll of identify
 i - a scroll of teleportation {unknown}
 p - a scroll of enchant weapon {unknown}
 s - 2 scrolls of remove curse {unknown}
 v - a scroll of fog {unknown}
Potions
 d - a potion of brilliance
 e - a potion of lignification {unknown}
 f - 2 potions of magic
 h - a potion of degeneration {unknown}
 k - a potion of resistance
 r - a potion of flight {unknown}
Books
 a - a book of Frost

   Spells                             Type                      Level
   a - Freeze                         Ice                          1
   b - Throw Frost                    Conjuration/Ice              2
   c - Ozocubu's Armour               Charms/Ice                   3
   d - Throw Icicle                   Conjuration/Ice              4
   e - Summon Ice Beast               Ice/Summoning                4
Comestibles
 b - a ration
 g - 2 chunks of flesh


   Skills:
 + Level 1.1 Fighting
 + Level 0.3 Maces & Flails
 + Level 2.5 Dodging
 - Level 1.7 Stealth
 + Level 3.8 Spellcasting
 * Level 3.0 Conjurations
 * Level 1.6 Charms
 * Level 5.6 Ice Magic


You had 5 spell levels left.
You knew the following spells:

 Your Spells              Type           Power        Failure   Level  Hunger
a - Freeze                Ice            ###.         1%          1    None
b - Ozocubu's Armour      Chrm/Ice       ###.....     11%         3    ###....
c - Throw Icicle          Conj/Ice       ###.....     26%         4    ####...


Dungeon Overview and Level Annotations

Branches:
Dungeon (5/15)             Temple (0/1) D:5

Altars:
Okawaru
Qazlal

Annotations:
D:4 Inarius's ghost, novice DrIE


Innate Abilities, Weirdness & Mutations

You can breathe blasts of scalding, opaque steam.
Your pale cyan-grey scales are hard. (AC +6)
You cannot fit into any form of body armour.
You are cold-blooded and may be slowed by cold attacks.


Message History

Aim: a gnoll, wielding a club (moderately wounded)
You freeze the gnoll.
The gnoll is heavily wounded.
The gnoll shaman calls upon its god to speed up the gnoll.
The gnoll seems to speed up.
The gnoll misses you.
Found a lumpy ruby potion.
A worker ant comes into view.
The worker ant twitches its antennae in your direction.
The gnoll barely misses you.
An ogre and a shadow imp come into view.
The ogre barely misses you.
You hit the shadow imp but do no damage.
Lightning courses through the shadow imp!
You kill the shadow imp!
The gnoll hits you but does no damage. The worker ant bites you.
The gnoll hits you. The ogre hits you with a giant club!!
* * * LOW HITPOINT WARNING * * *
You can't go down here!
The ogre hits you with a giant club!
You die...

#...##.........
#...<†....... .
#.##........# ..
##.##g##.##...
...#.........##..
#..............
#.#..⌠ggO⌠..#..
#?#...a.....#%..
#.....@O......).
#.#.....!...#..
#.#..⌠...⌠..#..
.............
#.##.........#..
# ##.##.##.##..
#. ..# .# .. ## .


You could see 2 ogres, a gnoll shaman, a worker ant and 2 gnolls.

Vanquished Creatures
  A scorpion (D:4)
  The ghost of Qupu the Sneak, a weakling SpEn (D:3)
  2 orc priests (D:4)
  A jelly (D:4)
  An orc wizard (D:4)
  Natasha (thrice) (D:4)
  2 iguanas
  3 worker ants (D:4)
  8 gnolls
  2 adders (D:2)
  A shadow imp (D:5)
  An ooze (D:4)
  2 adder skeletons (D:4)
  2 dart slugs (D:1)
  A leopard gecko (D:1)
  8 orcs
  4 bats
  2 giant cockroaches
  4 hobgoblins
  6 jackals
  5 kobolds
  A quokka (D:1)
  A ball python skeleton (D:4)
  3 frilled lizards (D:1)
  7 goblins
  6 rats
78 creatures vanquished.

Vanquished Creatures (others)
  2 plants (D:4)
2 creatures vanquished.

Grand Total: 80 creatures vanquished

Notes
Turn   | Place    | Note
-------+----------+-------------------------------------------
     0 | D:1      | Inarius the Draconian Ice Elementalist began the quest for the Orb.
     0 | D:1      | Reached XP level 1. HP: 14/14 MP: 3/3
   365 | D:1      | Reached XP level 2. HP: 20/20 MP: 0/5
  1128 | D:1      | Reached XP level 3. HP: 9/26 MP: 1/6
  1488 | D:1      | Reached skill level 4 in Ice Magic
  1585 | D:1      | Reached XP level 4. HP: 9/34 MP: 0/8
  2138 | D:2      | Learned a level 3 spell: Ozocubu's Armour
  2143 | D:2      | Learned a level 4 spell: Throw Icicle
  2146 | D:2      | Noticed a fire elemental
  2150 | D:2      | Found a stormy altar of Qazlal.
  2154 | D:2      | Noticed an earth elemental
  2380 | D:2      | Noticed an air elemental
  2380 | D:2      | Noticed a water elemental
  2550 | D:2      | Found a faded altar of an unknown god.
  2707 | D:3      | Found an iron altar of Okawaru.
  2754 | D:3      | Noticed Qupu's ghost (weakling SpEn)
  2795 | D:3      | Killed Qupu's ghost
  2795 | D:3      | Reached XP level 5. HP: 31/39 MP: 4/9
  3026 | D:4      | Reached skill level 1 in Fighting
  3039 | D:4      | Noticed Natasha
  3047 | D:4      | Killed Natasha
  3116 | D:4      | Noticed Natasha
  3130 | D:4      | Killed Natasha
  3144 | D:4      | Noticed Natasha
  3165 | D:4      | Killed Natasha
  3165 | D:4      | Reached skill level 5 in Ice Magic
  3235 | D:4      | Reached XP level 6. HP: 47/47 MP: 8/11
  3590 | D:3      | Reached skill level 1 in Charms
  3727 | D:4      | Noticed Inarius's ghost (novice DrIE)
  4207 | D:5      | Entered Level 5 of the Dungeon
  4272 | D:4      | Your scales start taking on a pale cyan-grey colour.
  4272 | D:4      | Reached XP level 7. HP: 52/52 MP: 8/12
  4509 | D:5      | Found a staircase to the Ecumenical Temple.
  4530 | D:5      | Slain by an ogre

Skill      XL: |  1  2  3  4  5  6 |
---------------+-------------------+-----
Dodging        | 2 |  2.5
Ice Magic      | 4 5 |  5.6
Spellcasting   | 3 |  3.8
Fighting       | 1 |  1.1
Conjurations   | 3 |  3.0
Charms         | 1 |  1.6
Maces & Flails | |  0.3
Stealth        | |  1.7

Action                   |  1- 3 |  4- 6 |  7- 9 || total
-------------------------+-------+-------+-------++-------
Melee: Dagger            |    34 |    14 |       ||    48
       Unarmed           |     5 |       |       ||     5
       Tailslap          |     1 |     5 |     1 ||     7
       Spear             |       |    55 |       ||    55
       Whip              |       |    24 |    12 ||    36
 Cast: Freeze            |    43 |    76 |     6 ||   125
       Ozocubu's Armour  |       |     4 |       ||     4
  Use: Potion            |     1 |       |       ||     1
       Scroll            |       |     3 |       ||     3
 Stab: Sleeping          |       |     1 |     1 ||     2
  Eat: Chunk             |     1 |    10 |     1 ||    12
Armor: Skin              |    24 |    57 |     5 ||    86
Dodge: Dodged            |    66 |    99 |    11 ||   176
